 Dungeon Crawl Stone Soup version 0.28.0-45-g0d030f2227 (webtiles) character file.

Game seed: 200280202456637121

597 MisterFreud the Poker (level 7, -3/62 HPs)
             Began as a Naga Fighter on May 18, 2022.
             Slain by a hornet zombie (7 damage)
             ... in an ossuary.
             The game lasted 00:05:13 (3380 turns).

MisterFreud the Poker (Naga Fighter)                Turns: 3380, Time: 00:05:13

Health: -3/62      AC: 10    Str: 21    XL:     7   Next: 40%
Magic:  7/7        EV:  4    Int:  8    God:
Gold:   138        SH: 10    Dex: 10    Spells: 6/6 levels left

rFire   + . .      SeeInvis +   a - +0 trident
rCold   + + .      Faith    .   j - +2 kite shield {rC+ rF+}
rNeg    . . .      Spirit   .   o - +2 chain mail {rC+}
rPois   +          Reflect  .   q - +0 helmet
rElec   .          Harm     .   (no cloak)
rCorr   .          Rampage  .   (no gloves)
Will    .....                   (no barding)
Stlth   ..........              (no amulet)
HPRegen 0.20/turn               m - +4 ring of slaying
MPRegen 0.10/turn               (no ring)

@: mighty, very slow
A: AC +2, large, see invisible, deformed body, poison resistance, slowness 2,
spit poison 1, naga tail 1
a: Spit Poison


You were in an ossuary.
You visited 1 branch of the dungeon, and saw 4 of its levels.
You also visited: Ossuary.

You collected 138 gold pieces.

Inventory:

Hand Weapons
 a - a +0 trident (weapon)
Missiles
 f - 7 boomerangs
 n - 6 poisoned darts
 r - 3 boomerangs of dispersal
Armour
 b - a +0 scale mail
 c - a +0 buckler
 j - a +2 kite shield of resistance (worn)
 o - a +2 chain mail of cold resistance (worn)
 q - a +0 helmet (worn)
Jewellery
 m - a +4 ring of slaying (left hand)
 s - a +4 ring of evasion
Scrolls
 e - a scroll of identify
Potions
 d - a potion of might
 g - a potion of flight {unknown}
 h - a potion of curing
 p - a potion of mutation {unknown}


   Skills:
 - Level 3.0 Fighting
 + Level 6.1 Polearms
 + Level 3.6 Armour
 - Level 4.0 Shields


You had 6 spell levels left.
You didn't know any spells.
Your spell library contained the following spells:

 Spells                   Type           Power      Damage    Failure   Level
 Animate Skeleton         Necr           0%         N/A       100%        1
 Pain                     Necr           0%         1d4       100%        1
 Vampiric Draining        Necr           0%         2d6       100%        3


Dungeon Overview and Level Annotations

Branches:
Dungeon (4/15)            Ossuary (1/1)
 Temple: D:4-7

Altars:
Cheibriados
Hepliaklqana


Innate Abilities, Weirdness & Mutations

Your serpentine skin is tough. (AC +2)
You have supernaturally acute eyesight. (SInv)
Armour fits poorly on your strangely shaped body.
Your system is resistant to poisons. (rPois)
You cover ground very slowly.
You can spit poison.
You have a snake-like lower body.


Message History

You hit the bullfrog zombie.
The bullfrog zombie is almost destroyed.
The bullfrog zombie hits you but does no damage.
You puncture the bullfrog zombie!
You destroy the bullfrog zombie!
You start resting.
A bullfrog zombie comes into view.
You puncture the bullfrog zombie!
The bullfrog zombie is heavily damaged.
A hornet zombie comes into view.
The bullfrog zombie hits you.
* * * LOW HITPOINT WARNING * * *
You barely miss the bullfrog zombie.
The bullfrog zombie is heavily damaged.
You block the bullfrog zombie's attack. The hornet zombie hits you.
* * * LOW HITPOINT WARNING * * *
The bullfrog zombie hits you but does no damage.
You feel very mighty all of a sudden. The hornet zombie hits you!
* * * LOW HITPOINT WARNING * * *
The bullfrog zombie completely misses you.
Unknown command.
Unknown command.
You feel better.
The hornet zombie hits you but does no damage.
You block the bullfrog zombie's attack.
You closely miss the hornet zombie.
The hornet zombie hits you but does no damage.
The bullfrog zombie hits you.
* * * LOW HITPOINT WARNING * * *
The hornet zombie hits you!
* * * LOW HITPOINT WARNING * * *
The bullfrog zombie hits you but does no damage.
Unknown command.
Unknown command.
Unknown command.
You block the hornet zombie's attack.
There is a gate leading back out of this place here.
You block the bullfrog zombie's attack. The hornet zombie hits you!
You die...

## '
#####.###
#@Z.#.'.#
#.Z.'.#
#...#.+
##### #


You could see a bullfrog zombie and a hornet zombie.

Vanquished Creatures
  Sigmund (D:3)
  Edmund (D:4)
  A bullfrog zombie (Ossuary)
  A hound (D:4)
  An orc priest (D:3)
  A killer bee zombie (Ossuary)
  7 mummies
  Robin (D:3)
  3 adders
  A worm (D:4)
  A dart slug (D:3)
  6 orcs
  10 ball pythons
  7 bats
  An endoplasm (D:2)
  2 giant cockroaches
  9 goblins
  7 hobgoblins
  3 quokkas
  5 frilled lizards
  A kobold (D:4)
  6 rats
76 creatures vanquished.

Vanquished Creatures (others)
  4 withered plants (Ossuary)
4 creatures vanquished.

Grand Total: 80 creatures vanquished

Notes
Turn   | Place    | Note
-------+----------+-------------------------------------------
     0 | D:1      | MisterFreud the Naga Fighter began the quest for the Orb.
     0 | D:1      | Reached XP level 1. HP: 21/21 MP: 1/1
   511 | D:1      | Reached XP level 2. HP: 27/28 MP: 2/2
  1156 | D:1      | Found a faded altar of an unknown god.
  1278 | D:1      | Reached skill level 3 in Polearms
  1406 | D:2      | Reached XP level 3. HP: 34/34 MP: 3/3
  2025 | D:3      | Noticed Sigmund
  2032 | D:3      | Killed Sigmund
  2033 | D:3      | Reached skill level 5 in Polearms
  2033 | D:3      | Reached XP level 4. HP: 42/42 MP: 4/4
  2033 | D:3      | Reached XP level 5. HP: 49/49 MP: 5/5
  2122 | D:3      | Reached XP level 6. HP: 45/56 MP: 6/6
  2305 | D:3      | Noticed Robin
  2316 | D:3      | Killed Robin
  2561 | D:3      | Found a hazy altar of Hepliaklqana.
  3106 | D:4      | Noticed Edmund
  3122 | D:4      | HP: 2/56 [Edmund/+6 vorpal flail (3)]
  3124 | D:4      | Killed Edmund
  3151 | D:4      | Reached XP level 7. HP: 20/62 MP: 7/7
  3189 | D:4      | Found a snail-covered altar of Cheibriados.
  3252 | D:4      | Found a sand-covered staircase.
  3263 | Ossuary  | Entered an ossuary
  3308 | Ossuary  | Reached skill level 6 in Polearms
  3380 | Ossuary  | Slain by a hornet zombie

Illustrated notes

Levels and vault maps discovered:
D:1:      amcnicky_arrival_feature_with_door, layout_basic,
          shapermc_ecumenical_altar_notcrosses
D:2:      layout_rooms, minmay_splitting_lines
D:3:      minmay_inner_zag, layout_loops_ring,
          worldfamousw_hep_ancestral_shrine, uniq_sigmund, uniq_robin
D:4:      layout_layer_cave, slow_altar_1, gup_ossuary_entry_pyramid,
          uniq_edmund
Ossuary:  ossuary_zaba_flooded

Skill      XL: |  1  2  3  4  5  6  7 |
---------------+----------------------+-----
Polearms       | 3 5 6 |  6.1
Shields        | 3 4 |  4.0
Armour         | 3 |  3.6
Fighting       | |  3.0

Action                   |  1- 3 |  4- 6 |  7- 9 || total
-------------------------+-------+-------+-------++-------
Melee: Trident           |    87 |    73 |    55 ||   215
Throw: Boomerang         |       |       |     2 ||     2
 Abil: Spit Poison       |    24 |     9 |       ||    33
  Use: Scroll            |       |     4 |       ||     4
       Potion            |       |     1 |     2 ||     3
 Stab: Distracted        |       |     1 |     1 ||     2
Armor: Scale mail        |    32 |     9 |       ||    41
       Chain mail        |       |    14 |    15 ||    29
Dodge: Dodged            |    21 |     9 |     6 ||    36
Block: Buckler           |    18 |       |       ||    18
       Kite shield       |     2 |    23 |    24 ||    49
